 Dungeon Crawl Stone Soup version 0.27-a0-972-gd1521fd518 (webtiles) character file.

Game seed: 2088331371480253350

77 Alarkh the Insei (level 4, 29/32 HPs)
             Began as a Demonspawn Transmuter on Apr 13, 2021.
             Got out of the dungeon alive.
             The game lasted 00:01:29 (1293 turns).

Alarkh the Insei (Demonspawn Transmuter)            Turns: 1293, Time: 00:01:30

Health: 29/32      AC:  2    Str: 10    XL:     4   Next: 14%
Magic:  7/7        EV: 11    Int: 16    God:
Gold:   32         SH:  6    Dex: 13    Spells: 7/8 levels left

rFire    . . .     SeeInvis .     - Unarmed
rCold    . . .     Faith    .   b - +2 buckler
rNeg     . . .     Spirit   .   a - +0 robe
rPois    .         Reflect  .   (helmet restricted)
rElec    .         Harm     .   (no cloak)
rCorr    .         Rampage  .   (no gloves)
Will     .....                  (no boots)
Stlth    +.........             (no amulet)
HPRegen  0.10/turn              (no ring)
MPRegen  0.10/turn              (no ring)

@: no status effects
A: antennae 1, spiny 1
a: no special abilities


You escaped.
You visited 1 branch of the dungeon, and saw 2 of its levels.

You collected 32 gold pieces.

Inventory:

Missiles
 c - 10 poisoned darts
Armour
 a - a +0 robe (worn)
 b - a +2 buckler (worn)
Scrolls
 d - a scroll of teleportation {unknown}
 e - 2 scrolls of identify {unknown}
 g - a scroll of torment {unknown}
 j - a scroll of fear {unknown}
Potions
 f - a potion of heal wounds {unknown}
 h - a potion of might {unknown}
 i - a potion of curing {unknown}


   Skills:
 + Level 1.6 Fighting
 - Level 1.7 Dodging
 * Level 1.3 Shields
 * Level 3.4 Unarmed Combat
 + Level 2.5 Spellcasting
 + Level 2.2 Transmutations


You had 7 spell levels left.
You knew the following spells:

 Your Spells              Type           Power      Damage    Failure   Level
a - Beastly Appendage     Tmut           18%        N/A       11%         1

Your spell library contained the following spells:

 Spells                   Type           Power      Damage    Failure   Level
 Wereblood                Tmut           9%         N/A       17%         2
 Spider Form              Tmut/Pois      2%         N/A       47%         3
 Ice Form                 Ice/Tmut       5%         N/A       87%         4
 Hydra Form               Tmut           4%         N/A       97%         5


Dungeon Overview and Level Annotations

Branches:
Dungeon (2/15)

Altars:
Xom

Annotations:
D:1 1 exclusion


Innate Abilities, Weirdness & Mutations

You have a pair of small antennae on your head.
You are partially covered in sharp spines.


Message History

The kobold is heavily wounded.
The kobold hits you with a +0 club.
You barely miss the kobold.
The kobold is heavily wounded.
The kobold hits you with a +0 club.
You barely miss the kobold. You claw the kobold.
You kill the kobold!
Your talons disappear.
You hit the worm.
The worm is moderately wounded.
The worm closely misses you.
You hit the worm.
The worm is moderately wounded.
You hit the worm.
The worm is heavily wounded.
You block the worm's attack.
You hit the worm.
The worm is severely wounded.
You hit the worm but do no damage.
The worm is severely wounded.
The worm barely misses you.
You hit the worm.
The worm is almost dead.
You barely miss the worm.
The worm is almost dead.
The worm is struck by your spines. The worm bites you.
You hit the worm.
You kill the worm!
You see here 27 stones.
There is a stone staircase leading up here.
You climb upwards.
Level annotation: 1 exclusion
There is a stone staircase leading down here.
HP restored.
There is an open door here.
You enter the shallow water.
Moving in this stuff is going to be slow.
There is a staircase leading out of the dungeon here.
Are you sure you want to leave the Dungeon?
This will make you lose the game!
You have escaped!

.....'.........#...≈P..≈P......P.
.....###.......#.PP....P.≈.≈.....
##'#+###.###...#..P..≈P..........
#.........#.#.#.......≈≈.≈....P#
#.............#P.....PP≈≈.....P#
##.........##.##≈P≈P.....≈..≈..##
.#.#.###+####.##≈≈...........###
.#.#.########..#P≈PP≈.P.P#####
...#...........#@.≈.P#..##
######.....######################
...# #.#.#......#.............)..
...# #..............#####....####
...# #.#.#.####.#.....###....#
...###.....#........###......#
...#....#.>##.#.###.###......# #
...#.##.#..#........##.......# #
####.##.#....#####..##.#.#...####


There were no monsters in sight!

Vanquished Creatures
  4 adders (D:2)
  A worm (D:2)
  2 ball pythons (D:1)
  4 bats
  An endoplasm (D:1)
  2 giant cockroaches
  3 goblins
  3 hobgoblins (D:1)
  2 jackals (D:1)
  2 quokkas
  5 frilled lizards
  6 kobolds
  2 rats
37 creatures vanquished.

Notes
Turn   | Place    | Note
-------+----------+-------------------------------------------
     0 | D:1      | Alarkh the Demonspawn Transmuter began the quest for the
                  | Orb.
     0 | D:1      | Reached XP level 1. HP: 15/15 MP: 3/3
   451 | D:1      | Gained mutation: You are partially covered in sharp spines.
                  | [demonic ancestry]
   451 | D:1      | Reached XP level 2. HP: 14/21 MP: 3/5
   483 | D:1      | Reached skill level 3 in Unarmed Combat
   948 | D:2      | Reached XP level 3. HP: 20/26 MP: 3/6
  1007 | D:2      | Reached skill level 1 in Shields
  1101 | D:2      | Found a shimmering altar of Xom.
  1192 | D:2      | Lost mutation: You have a pair of horns on your head.
                  | [demonic ancestry]
  1192 | D:2      | Lost mutation: You have a pair of small horns on your head.
                  | [demonic ancestry]
  1192 | D:2      | Gained mutation: You have a pair of small antennae on your
                  | head. [demonic ancestry]
  1192 | D:2      | Reached XP level 4. HP: 29/32 MP: 7/7
  1293 | D:$      | Got out of the dungeon alive.

Illustrated notes

Levels and vault maps discovered:
D:1:      lemuel_arrival_muddy, layout_basic, serial_glass, glass_columns_a,
          glass_columns_b, glass_columns_a, glass_columns_a, glass_columns_a,
          glass_columns_a, item_on_display_a, item_on_display_a
D:2:      layout_rooms, basic_altar, minmay_small_reverse_x

Skill      XL: |  1  2  3 |
---------------+----------+-----
Transmutations | 2 |  2.2
Unarmed Combat | 3 |  3.4
Shields        | 1 |  1.3
Fighting       | |  1.6
Dodging        | |  1.7
Spellcasting   | |  2.5

Action                   |  1- 3 |  4- 6 || total
-------------------------+-------+-------++-------
Melee: Unarmed           |    79 |    12 ||    91
       Kick              |    18 |     2 ||    20
       Headbutt          |     9 |       ||     9
 Cast: Beastly Appendage |    17 |       ||    17
Armor: Robe              |    15 |     1 ||    16
Dodge: Dodged            |    40 |     2 ||    42
Block: Buckler           |    26 |     1 ||    27

Table legend: (Time is in decaauts)
 A = Elapsed time spent in this place.
 B = Non-inter-level travel time spent in this place.
 C = Inter-level travel time spent in this place.
 D = Time resting spent in this place.
 E = Time spent auto-exploring this place.
 F = Levels seen in this place.
 G = Mean time per level.
                   A        B        C        D        E       F      G
               +--------+--------+--------+--------+--------+-----+--------+
         Total |   1297 |   1171 |    126 |      2 |    951 |   2 |  648.5 |
       Dungeon |   1297 |   1171 |    126 |      2 |    951 |   2 |  648.5 |
               +--------+--------+--------+--------+--------+-----+--------+

Top non-repeatable levels by time:
     D:1: 1017 daAuts
     D:2: 280 daAuts
